 Dungeon Crawl Stone Soup version 0.31-a0-4-gefa6de2278 (webtiles) character file.

Game seed: 11552962529363154701

24 Aneyh the Poker (level 3, -6/24 HPs)
             Began as a Tengu Monk on May 3, 2023.
             Mangled by Terence
             ... wielding a +0 mace
              (8 damage)
             ... on level 2 of the Dungeon.
             The game lasted 00:00:56 (809 turns).

Aneyh the Poker (Tengu Monk)                         Turns: 809, Time: 00:00:57

Health: -6/24      AC:  2    Str: 11    XL:     3   Next: 2%
Magic:  4/4        EV: 13    Int: 10    God:
Gold:   35         SH:  0    Dex: 18    Spells: 2/2 levels left

rFire   . . .        a - +0 spear
rCold   . . .        d - orb {light}
rNeg    . . .        b - +0 robe
rPois   .            (helmet restricted)
rElec   .            (no cloak)
rCorr   .            (no gloves)
SInv    .            (boots unavailable)
Will    .....        (no amulet)
Stlth   +            (no ring)
HPRegen 0.24/turn    (no ring)
MPRegen 0.09/turn

%: no passive effects
@: glowing
A: beak, talons 3
a: no special abilities


You were on level 2 of the Dungeon.
You visited 1 branch of the dungeon, and saw 2 of its levels.

You collected 35 gold pieces.

Inventory:

Hand Weapons
 a - a +0 spear (weapon)
Armour
 b - a +0 robe (worn)
 d - an orb of light (worn)
Jewellery
 m - a +6 ring of dexterity
Scrolls
 f - 3 scrolls of identify {unknown}
 j - 2 scrolls of noise {unknown}
 k - a scroll of silence {unknown}
 l - a scroll of brand weapon {unknown}
Potions
 c - a potion of ambrosia
 e - a potion of mutation {unknown}
 g - 2 potions of heal wounds {unknown}
 h - 2 potions of might {unknown}


   Skills:
 * Level 3.7 Fighting
 + Level 3.7 Polearms
 - Level 3.2 Dodging


You had 2 spell levels left.
You didn't know any spells.
Your spell library was empty.

Dungeon Overview and Level Annotations

Branches:
Dungeon (2/15)

Altars:

Annotations:
D:2 Terence


Innate Abilities, Weirdness & Mutations

You have a beak for a mouth.
You have claws for feet.


Message History

Nothing quivered!
A ball python comes into view.
Found 5 stones.
The ball python hisses angrily.
You hit Terence but do no damage. You peck Terence, but do no damage.
Terence is lightly wounded.
Terence barely misses you.
You hit Terence.
Terence is moderately wounded.
You hit Terence but do no damage. You peck Terence, but do no damage.
Terence is moderately wounded.
Terence hits you with a +0 mace.
You hit Terence but do no damage.
Terence is moderately wounded.
Terence barely misses you.
You hit Terence. You claw Terence, but do no damage.
You peck Terence, but do no damage.
Terence is severely wounded.
Terence hits you with a +0 mace!
You are too injured to fight recklessly!
You are too injured to fight recklessly!
You hit Terence but do no damage. You peck Terence, but do no damage.
Terence is severely wounded.
The ball python bites you. The ball python grabs you.
The ball python constricts you. Terence hits you with a +0 mace.
You hit Terence. Your peck misses Terence.
Terence is severely wounded.
The ball python barely misses you. The ball python constricts you.
Terence hits you but does no damage.
You hit Terence but do no damage. You peck Terence.
Terence is almost dead.
The ball python bites you but does no damage.
The ball python constricts you. Terence hits you with a +0 mace.
* * * LOW HITPOINT WARNING * * *
The ball python bites you.
* * * LOW HITPOINT WARNING * * *
The ball python constricts you.
You escape the ball python's grasp.
Terence attacks as you move away! Terence hits you with a +0 mace!
You die...

.. .. .# .#
.# ####.##
#.<...#####
#..@S....>.
#..#@..###.
#.....((((.
#..#...###.
#..#..##
#..#..#
#...... #..
(.#


You could see Terence (poisoned) and a ball python.

Vanquished Creatures
  6 bats (D:1)
  3 endoplasms (D:1)
  A hobgoblin (D:1)
  2 kobolds (D:1)
  2 quokkas (D:1)
  A frilled lizard (D:1)
  5 goblins (D:1)
  4 rats (D:1)
24 creatures vanquished.

Notes
Turn   | Place    | Note
-------+----------+-------------------------------------------
     0 | D:1      | Aneyh the Tengu Monk began the quest for the Orb.
     0 | D:1      | Reached XP level 1. HP: 14/14 MP: 2/2
    71 | D:1      | Reached XP level 2. HP: 19/19 MP: 3/3
   360 | D:1      | Reached XP level 3. HP: 24/24 MP: 4/4
   794 | D:2      | Noticed Terence
   809 | D:2      | Mangled by Terence

Illustrated notes

Levels and vault maps discovered:
D:1:      lightli_arrival_quake, layout_basic, serial_curves, eino_curves_01,
          eino_curves_02
D:2:      layout_loops_corners, hellmonk_ecumenical_altar_dog_temple,
          minmay_octomino_e4, uniq_terence

Action                     || total
---------------------------++-------
  Melee: Spear             ||    49
         Kick              ||     9
         Peck              ||     7
  Throw: Dart              ||     6
 Armour: Robe              ||     6
  Dodge: Dodged            ||    10

Table legend: (Time is in decaauts)
 A = Elapsed time spent in this place.
 B = Non-inter-level travel time spent in this place.
 C = Inter-level travel time spent in this place.
 D = Time resting spent in this place.
 E = Time spent auto-exploring this place.
 F = Levels seen in this place.
 G = Mean time per level.
                   A        B        C        D        E       F      G
               +--------+--------+--------+--------+--------+-----+--------+
         Total |    804 |    770 |     34 |      0 |    646 |   2 |  402.0 |
       Dungeon |    804 |    770 |     34 |      0 |    646 |   2 |  402.0 |
               +--------+--------+--------+--------+--------+-----+--------+

Top non-repeatable levels by time:
     D:1: 790 daAuts
     D:2: 14 daAuts
